 Dungeon Crawl Stone Soup version 0.23-a0-182-g58cdd98 (webtiles) character file.

3275 blowmie the Basher (level 9, -2/85 HPs)
             Began as a Minotaur Berserker on Sept 13, 2018.
             Was an Elder of Trog.
             Slain by an orc knight
             ... wielding a +0 war axe
              (19 damage)
             ... in a bailey on Sept 19, 2018.
             The game lasted 01:22:19 (8636 turns).

blowmie the Basher (Minotaur Berserker)             Turns: 8636, Time: 01:22:19

Health: -2/85      AC: 10    Str: 28    XL:     9   Next: 68%
Magic:  8/8        EV: 14    Int:  4    God:    Trog [****..]
Gold:   427        SH:  0    Dex: 11    Spells: 8/8 levels left

rFire    . . .     SeeInvis .   i - +2 dagger (venom)
rCold    . . .     Gourm    .   (no shield)
rNeg     . . .     Faith    +   I - +0 acid dragon scales
rPois    .         Spirit   .   w - +2 hat
rElec    .         Reflect  .   (no cloak)
rCorr    +         Harm     .   d - +0 pair of gloves "Boirhoes" {MR+ Str+4}
MR       +++..                  (no boots)
Stlth    +.........             L - amulet of faith
HPRegen  0.24/turn              z - ring of protection from magic
MPRegen  0.11/turn              n - ring of protection from magic

@: about to teleport
A: retaliatory headbutt, horns 2
a: Berserk, Trog's Hand, Brothers in Arms, Renounce Religion


You were in a bailey.
You worshipped Trog.
Trog was greatly pleased with you.
You were not hungry.

You visited 2 branches of the dungeon, and saw 9 of its levels.
You also visited: Bailey.

You collected 427 gold pieces.

Inventory:

Hand Weapons
 a - a +4 mace
 e - a +0 short sword
 i - a +2 dagger of venom (weapon)
 j - a +3 flail of draining
 m - a +0 giant club
 u - a +1 hunting sling
 A - a +2 flail of protection
 C - a +0 shortbow
Missiles
 f - 16 bolts
 g - 90 arrows
 o - 7 javelins of penetration
 q - 204 stones
 x - 31 sling bullets
 O - 11 tomahawks of returning (quivered)
Armour
 b - a +0 animal skin
 d - the +0 pair of gloves "Boirhoes" (worn) {MR+ Str+4}
   (You found it on level 6 of the Dungeon)

   It affects your strength (+4).
   It affects your resistance to hostile enchantments.
 r - a +1 chain mail
 t - a +0 chain mail
 w - a +2 hat (worn)
 I - +0 acid dragon scales (worn)
 K - a +2 robe of magic resistance
 M - a +0 scale mail
Jewellery
 n - a ring of protection from magic (right hand)
 z - a ring of protection from magic (left hand)
 B - an uncursed ring of protection from magic
 H - a +3 amulet of reflection
 L - an amulet of faith (around neck)
Wands
 y - a wand of flame (56)
 N - a wand of iceblast (9)
Scrolls
 k - 4 scrolls of remove curse
 p - 2 scrolls of noise
 v - a scroll of amnesia
 E - 2 scrolls of identify
Potions
 c - 2 potions of haste
 h - 2 potions of lignification
 s - 2 potions of degeneration
 D - a potion of curing
 F - a potion of might
 G - a potion of brilliance
Comestibles
 l - 2 rations


   Skills:
 * Level 9.6 Fighting
 * Level 9.7 Maces & Flails
 - Level 5.8(5.9) Slings
 - Level 1.1(3.5) Throwing
 - Level 5.5 Armour
 + Level 6.0 Dodging


You had 8 spell levels left.
You didn't know any spells.
Your spell library was empty.

Dungeon Overview and Level Annotations

Branches:
Dungeon (8/15)             Temple (1/1) D:7
   Lair: D:8-11

Altars:
Ashenzari
Cheibriados
Dithmenos
Elyvilon
Fedhas
Gozag
Hepliaklqana
Kikubaaqudgha
Makhleb
Nemelex Xobeh
Okawaru
Qazlal
Sif Muna
Trog
Uskayaw
Vehumet
Wu Jian
Xom
Yredelemnul
The Shining One

Annotations:
D:5 2 transporters


Innate Abilities, Weirdness & Mutations

You reflexively headbutt those who attack you in melee.
You have a pair of horns on your head.


Message History

The orc knight hits you but does no damage.
Okay, then.
You eat one of the 3 rations.
That ration really hit the spot!
The orc warrior completely misses you. You furiously retaliate!
You headbutt the orc warrior, but do no damage.
The orc knight jeers loudly.
The orc knight misses you. You furiously retaliate!
You headbutt the orc knight.
The hobgoblin hits you but does no damage.
You completely miss the orc warrior.
The orc warrior is heavily wounded.
The orc warrior hits you with a battleaxe!
* * * LOW HITPOINT WARNING * * *
The orc knight barely misses you. The hobgoblin misses you.
You furiously retaliate!
You headbutt the hobgoblin.
As you read the scroll of teleportation, it crumbles to dust.
You feel strangely unstable. The hobgoblin hits you with a hand axe.
* * * LOW HITPOINT WARNING * * *
The orc knight hits you with a war axe!!
You die... ... ... ####.#### .#...#. og8og ..g ##g## #ogo#

#@og# #)..#
######)######
#^...≈.≈....#
#'###≈.≈###'#
#....≈.≈(...#
#'###≈.≈###'#
#...(≈.≈(...#
#'###≈.≈###'#


You could see an orc knight, 2 orc warriors, 4 gnolls, an orc and a hobgoblin.

Vanquished Creatures
  Erica (D:8)
  Grinder (D:6)
  Prince Ribbit (D:6)
  Menkaure (D:7)
  Edmund (D:6)
  Duvessa (D:6)
  An orc warrior (Bailey)
  A sky beast (D:4)
  A phantom (D:5)
  2 ogres
  2 centaurs
  A big kobold (D:8)
  2 bullfrogs
  A gnoll sergeant (D:8)
  Dowan (D:6)
  2 scorpions (D:7)
  3 howler monkeys (D:7)
  A crimson imp (D:8)
  4 hounds
  A centaur skeleton (D:6)
  A bullfrog skeleton (D:7)
  An orc wizard (D:7)
  Terence (D:3)
  Natasha (thrice) (D:4)
  An iguana (D:4)
  3 worker ants
  3 hound skeletons
  A hound zombie (D:5)
  A worker ant zombie (D:5)
  6 adders
  7 gnolls
  A shadow imp (D:7)
  2 oozes (D:2)
  An adder zombie (D:5)
  An adder skeleton (D:4)
  3 dart slugs
  7 orcs
  2 giant cockroaches
  9 hobgoblins
  6 jackals
  23 kobolds
  3 quokkas
  A ball python (D:4)
  8 bats
  5 frilled lizards
  10 goblins
  2 leopard gecko skeletons (D:8)
  A quokka zombie (D:6)
  16 rats
158 creatures vanquished.

Notes
Turn   | Place    | Note
-------+----------+-------------------------------------------
     0 | D:1      | blowmie the Minotaur Berserker began the quest for the Orb.
     0 | D:1      | Reached XP level 1. HP: 19/19 MP: 0/0
    93 | D:1      | Reached XP level 2. HP: 6/27 MP: 1/1
   524 | D:1      | Reached ** piety under Trog
   740 | D:1      | Reached XP level 3. HP: 33/33 MP: 2/2
  1607 | D:2      | Reached skill level 5 in Maces & Flails
  1607 | D:2      | Reached XP level 4. HP: 40/40 MP: 3/3
  1963 | D:2      | Found a hazy altar of Hepliaklqana.
  2205 | D:3      | Noticed a bullfrog
  2211 | D:3      | Killed a bullfrog
  2211 | D:3      | Reached XP level 5. HP: 39/47 MP: 4/4
  2382 | D:3      | Noticed Terence
  2392 | D:3      | Killed Terence
  2456 | D:3      | Found an iron altar of Okawaru.
  2550 | D:3      | Found a blossoming altar of Fedhas.
  2682 | D:3      | Found a faded altar of an unknown god.
  2811 | D:3      | Reached *** piety under Trog
  3094 | D:4      | Reached skill level 5 in Fighting
  3094 | D:4      | Reached skill level 1 in Throwing
  3247 | D:4      | Noticed Natasha
  3255 | D:4      | Killed Natasha
  3272 | D:4      | Reached XP level 6. HP: 50/56 MP: 5/5
  3284 | D:4      | Reached skill level 1 in Slings
  3764 | D:4      | Found a hide-covered altar of Uskayaw.
  3772 | D:4      | Noticed a hand axe
  3772 | D:4      | Noticed a dagger
  3846 | D:4      | Found a glowing golden altar of the Shining One.
  3910 | D:4      | Noticed a sky beast
  3923 | D:4      | Killed a sky beast
  3923 | D:4      | Reached XP level 7. HP: 54/62 MP: 6/6
  4035 | D:4      | Noticed Natasha
  4046 | D:4      | Killed Natasha
  4161 | D:4      | Noticed Natasha
  4167 | D:4      | Killed Natasha
  4304 | D:5      | Entered Level 5 of the Dungeon
  4712 | D:5      | Found a transporter.
  4745 | D:5      | Found a transporter.
  5488 | D:5      | Found a deep blue altar of Sif Muna.
  5599 | D:6      | Noticed Duvessa
  5599 | D:6      | Noticed Dowan
  5601 | D:6      | Noticed Prince Ribbit
  5619 | D:6      | Killed Duvessa
  5619 | D:6      | Reached XP level 8. HP: 67/71 MP: 7/7
  5649 | D:6      | Killed Dowan
  5984 | D:6      | Noticed Grinder
  6011 | D:6      | Killed Grinder
  6459 | D:6      | Killed Prince Ribbit
  6459 | D:6      | Reached skill level 5 in Slings
  6459 | D:6      | Reached skill level 5 in Armour
  6807 | D:6      | Got a pair of ancient gloves
  6813 | D:6      | Identified the cursed +0 pair of gloves "Boirhoes" {MR+
                  | Str+4} (You found it on level 6 of the Dungeon)
  7018 | D:6      | Noticed Edmund
  7039 | D:6      | Killed Edmund
  7470 | D:7      | Reached skill level 5 in Dodging
  7470 | D:7      | Reached XP level 9. HP: 75/81 MP: 8/8
  7536 | D:7      | Found an opulent altar of Gozag.
  7633 | D:7      | Reached **** piety under Trog
  7642 | D:7      | Noticed Menkaure
  7652 | D:7      | Killed Menkaure
  7749 | D:7      | Found an ornate altar of the Wu Jian Council.
  7791 | D:7      | Found a staircase to the Ecumenical Temple.
  7798 | Temple   | Entered the Ecumenical Temple
  8199 | D:8      | Found a flagged portal.
  8329 | D:8      | Noticed Erica
  8338 | D:8      | Killed Erica
  8395 | D:8      | Upgraded the game from 0.23-a0-171-g5ae17c6 to
                  | 0.23-a0-182-g58cdd98
  8535 | Bailey   | Entered a bailey
  8623 | Bailey   | Noticed an orc knight
  8636 | Bailey   | Slain by an orc knight

Vault maps used:
D:1:      dpeg_arrival_ratfight, minmay_pentomino_q4
D:2:      overflow_temple_1_default, first_ration
D:3:      lemuel_round_altar, kennysheep_okawaru_gauntlet,
          chequers_ecumenical_altar_island, uniq_terence
D:4:      minmay_door_path, dancing_weapons_uskayaw, kennysheep_little_box,
          uniq_natasha
D:5:      gammafunk_steamed_eel, led_sif_pool
D:6:      uniq_edmund, uniq_prince_ribbit1, uniq_duvessa, uniq_grinder
D:7:      nicolae_gozag_seed_capital, nicolae_overflow_crystal_walls,
          minmay_temple_entry_hall, uniq_menkaure
D:8:      enter_bailey_2, uniq_erica, uniq_joseph
Temple:   minmay_temple_bridge_abc
Bailey:   bailey_axe_1, bailey

Skill      XL: |  1  2  3  4  5  6  7  8  9 |
---------------+----------------------------+-----
Fighting       | 4 5 6 8 9 |  9.6
Maces & Flails | 4 5 6 7 8 9 |  9.7
Throwing       | 1 |  1.1
Armour         | 3 4 5 |  5.5
Dodging        | 3 4 5 6 |  6.0
Slings         | 2 3 5 |  5.8

Action                   |  1- 3 |  4- 6 |  7- 9 || total
-------------------------+-------+-------+-------++-------
Melee: Mace              |    76 |    69 |   109 ||   254
       Headbutt          |     9 |     9 |    40 ||    58
       Flail             |       |       |    58 ||    58
       Dagger            |       |       |    32 ||    32
 Fire: Hunting sling     |       |    30 |    10 ||    40
       Shortbow          |       |       |    17 ||    17
Throw: Tomahawk          |       |       |    34 ||    34
Invok: Berserk           |       |     1 |     2 ||     3
       Trog's Hand       |       |     1 |       ||     1
Evoke: Wand              |       |       |     1 ||     1
  Use: Scroll            |     8 |    12 |    10 ||    30
       Potion            |     1 |     3 |     3 ||     7
  Eat: Ration            |     1 |     2 |     5 ||     8
       Chunk             |       |     2 |       ||     2
Armor: Ring mail         |    21 |     3 |       ||    24
       Chain mail        |       |    70 |    93 ||   163
       Acid dragon scale |       |       |    35 ||    35
Dodge: Dodged            |    61 |    66 |   176 ||   303
Block: Other             |       |       |    21 ||    21
       Reflection        |       |       |     4 ||     4

Table legend:
 A = Non-vault XP
 B = Vault XP
 C = Vault XP percentage of total XP
 D = Non-vault monster count
 E = Vault monster count
 F = Vault count percentage of total count
                 A         B        C        D         E       F
            +---------+---------+-------+---------+---------+-------
      Total |    2196 |    2483 |  53.1 |     115 |      43 |  27.2
            +---------+---------+-------+---------+---------+-------
        D:1 |      38 |      11 |  22.4 |      25 |       9 |  26.5
        D:2 |      66 |       0 |   0.0 |      16 |       0 |   0.0
        D:3 |     136 |      39 |  22.3 |      17 |       3 |  15.0
        D:4 |     334 |     199 |  37.3 |      10 |       5 |  33.3
        D:5 |     587 |       0 |   0.0 |      15 |       0 |   0.0
        D:6 |     285 |     936 |  76.7 |       5 |       5 |  50.0
        D:7 |     415 |     169 |  28.9 |      12 |       1 |   7.7
        D:8 |     335 |     939 |  73.7 |      15 |       1 |   6.2
     Bailey |       0 |     190 | 100.0 |       0 |      19 | 100.0
            +---------+---------+-------+---------+---------+-------
